 Dungeon Crawl Stone Soup version 0.28-a0-537-g3bccd9ccbf (webtiles) character file.

Game seed: 6499497111538356807

394 ragingrage the Poker (level 6, -13/47 HPs)
             Began as a Demonspawn Chaos Knight on Sept 27, 2021.
             Was a Plaything of Xom.
             Killed from afar by a rime drake (shapeshifter) (25 damage)
             ... with a flash freeze
             ... on level 4 of the Dungeon.
             The game lasted 00:04:30 (4429 turns).

ragingrage the Poker (Demonspawn Chaos Knight)      Turns: 4429, Time: 00:04:31

Health: -13/47     AC: 14    Str: 14    XL:     6   Next: 52%
Magic:  15/15      EV: 11    Int: 13    God:    Xom [...*..]
Gold:   243        SH:  0    Dex: 13    Spells: 5/5 levels left

rFire   . . .      SeeInvis .   a - +0 spear (chaos)
rCold   . . .      Faith    .   (no shield)
rNeg    . . .      Spirit   .   b - +2 leather armour
rPois   .          Reflect  .   n - +2 hat
rElec   .          Harm     .   h - +2 cloak
rCorr   .          Rampage  .   (no gloves)
Will    .....                   t - +0 pair of boots
Stlth   +.........              (no amulet)
HPRegen 0.15/turn               p - ring of magical power
MPRegen 0.28/turn               (no ring)

@: very slightly contaminated, invisible
A: slimy green scales 2, magic regeneration
a: Renounce Religion


You were on level 4 of the Dungeon.
You worshipped Xom.
You were a favourite toy of Xom.
You visited 1 branch of the dungeon, and saw 4 of its levels.
You also visited: Sewer.

You collected 243 gold pieces.

Inventory:

Hand Weapons
 a - a +0 spear of chaos (weapon)
Missiles
 e - 13 poisoned darts (quivered)
Armour
 b - a +2 leather armour (worn)
 h - a +2 cloak (worn)
 n - a +2 hat (worn)
 t - a +0 pair of boots (worn)
Jewellery
 p - a ring of magical power (left hand)
Wands
 l - a wand of acid (6)
Scrolls
 c - a scroll of noise {unknown}
 d - 2 scrolls of enchant armour {unknown}
 f - 3 scrolls of identify {unknown}
 g - 3 scrolls of teleportation {unknown}
 i - a scroll of silence {unknown}
 k - 2 scrolls of fog {unknown}
 q - a scroll of fear {unknown}
 r - a scroll of summoning {unknown}
 u - a scroll of blinking {unknown}
Potions
 m - a potion of mutation {unknown}
 o - a potion of invisibility
 s - a potion of might {unknown}
 v - a potion of lignification {unknown}
 w - a potion of heal wounds {unknown}


   Skills:
 - Level 3.0 Fighting
 * Level 6.8 Polearms
 - Level 1.7 Armour
 - Level 0.8 Dodging


You had 5 spell levels left.
You didn't know any spells.
Your spell library contained the following spells:

 Spells                   Type           Power      Damage    Failure   Level
 Summon Small Mammal      Summ           0%         N/A       36%         1
 Call Canine Familiar     Summ           0%         N/A       75%         3
 Summon Guardian Golem    Hex/Summ       0%         N/A       75%         3


Dungeon Overview and Level Annotations

Branches:
Dungeon (4/15)              Sewer (visited)
 Temple: D:4-7

Altars:
Dithmenos


Innate Abilities, Weirdness & Mutations

You are mostly covered in slimy green scales. (AC +3)
You regenerate magic rapidly.


Message History

Aim: a killer bee (moderately wounded, covered in acid, about 62% to evade your +0 spear of chaos)
You hit the killer bee.
The killer bee goes berserk!
The killer bee is severely wounded.
The killer bee stings you.
* * * LOW HITPOINT WARNING * * *
You are poisoned.
The killer bee poisons you! The killer bee stings you.
* * * LOW HITPOINT WARNING * * *
You are lethally poisoned!
The killer bee poisons you!
Reach: a) +0 spear (chaos)
Press: ? - help, Dir - move target, f/p - killer bee
Aim: a killer bee (severely wounded, berserk, covered in acid, about 62% to evade your +0 spear of chaos)
You barely miss the killer bee.
The killer bee is severely wounded.
* * * LOW HITPOINT WARNING * * *
You feel very sick. The killer bee closely misses you. x2
Reach: a) +0 spear (chaos)
Press: ? - help, Dir - move target, f/p - killer bee
Aim: a killer bee (severely wounded, berserk, covered in acid, about 62% to evade your +0 spear of chaos)
You catch the helpless killer bee completely off-guard!
You puncture the killer bee!
The killer bee changes into a shapeshifter!
The shapeshifter is heavily wounded.
* * * LOW HITPOINT WARNING * * *
You feel sick.
The shapeshifter changes into a rime drake!
Reach: a) +0 spear (chaos)
Press: ? - help, Dir - move target, f/p - rime drake
Aim: a rime drake shaped shifter (about 42% to evade your +0 spear of chaos)
You miss the rime drake.
* * * LOW HITPOINT WARNING * * *
You feel sick.
You feel better. The rime drake breathes ice at you.
The flash freeze hits you!!
Ouch! That really hurt!
You die...
Xom bursts into laughter!

∆ ####.##.##......#...... ...
## #.##)##......##+#### ....##.
...#.#.....(..#
....#..###.#.+........# # ∆
...........###........#
.....###..##.......#+##
#..#[#.....##.##.#.#
#..###.######....#.### ###
##......k@.##+##.#...###.<
####.#.##.......###......
##.#)##.......# #......
#..)y##.......# #.....#
###+#####..####.......###.....#
........†..........###....#####
.......###########.# #.########
#.#.#.. #.# #...##.... .......
##'#####.##.##.


You could see a rime drake shaped shifter (catching breath).

Vanquished Creatures
  A scorpion (D:4)
  2 killer bees (D:4)
  3 orc wizards (D:4)
  6 adders
  A howler monkey skeleton (D:4)
  An adder skeleton (D:4)
  A worm (D:2)
  3 dart slugs
  6 orcs
  9 ball pythons
  5 endoplasms
  5 giant cockroaches
  6 goblins
  9 hobgoblins
  13 jackals
  10 kobolds
  3 quokkas
  2 bats
  8 frilled lizards
  5 rats
99 creatures vanquished.

Vanquished Creatures (others)
  An orc (D:4)
  7 plants (Sewer)
8 creatures vanquished.

Grand Total: 107 creatures vanquished

Notes
Turn   | Place    | Note
-------+----------+-------------------------------------------
     0 | D:1      | ragingrage the Demonspawn Chaos Knight began the quest for
                  | the Orb.
     0 | D:1      | Reached XP level 1. HP: 18/18 MP: 1/1
   160 | D:1      | Reached skill level 3 in Polearms
   194 | D:1      | Gained mutation: You are partially covered in slimy green
                  | scales. (AC +2) [demonic ancestry]
   194 | D:1      | Reached XP level 2. HP: 15/24 MP: 2/2
   510 | D:1      | Found a faded altar of an unknown god.
   913 | D:1      | Gained mutation: You regenerate magic rapidly. [demonic
                  | ancestry]
   913 | D:1      | Reached XP level 3. HP: 29/29 MP: 3/3
  1100 | D:1      | XOM: silly message
  1300 | D:2      | XOM: noise
  1380 | D:2      | XOM: divination: detect items
  1390 | D:2      | Reached skill level 4 in Polearms
  1872 | D:2      | XOM: silly message
  2143 | D:3      | Gained mutation: You are mostly covered in slimy green
                  | scales. (AC +3) [demonic ancestry]
  2143 | D:3      | Reached XP level 4. HP: 28/35 MP: 4/4
  2915 | D:4      | Found a glowing drain.
  2935 | D:4      | Noticed a scorpion
  2939 | Sewer    | Entered a sewer
  2982 | Sewer    | XOM: cloud trail
  3019 | Sewer    | Reached skill level 5 in Polearms
  3386 | Sewer    | Reached XP level 5. HP: 29/41 MP: 5/5
  3659 | Sewer    | XOM: silly message
  3912 | D:4      | Reached skill level 6 in Polearms
  3929 | D:4      | XOM: divination: detect items
  4172 | D:4      | Found a shadowy altar of Dithmenos.
  4174 | D:4      | XOM: noise
  4414 | D:4      | Reached XP level 6. HP: 18/47 MP: 6/6
  4427 | D:4      | Noticed a shapeshifter
  4427 | D:4      | a killer bee changed into a shapeshifter
  4427 | D:4      | Noticed a rime drake
  4427 | D:4      | a shapeshifter changed into a rime drake
  4429 | D:4      | Killed from afar by a rime drake (shapeshifter)

Illustrated notes

Levels and vault maps discovered:
D:1:      dpeg_arrival_stone_temple_mockup, layout_basic,
          shapermc_ecumenical_altar_mp_urbaneastern
D:2:      layout_basic
D:3:      layout_basic
D:4:      layout_basic, grunt_dithmenos_smoke_and_mirrors, serial_glass,
          glass_columns_a, glass_columns_c, item_on_display_b,
          cheibrodos_sewer_entry_drain, minmay_misc_feat_cross

Skill      XL: |  1  2  3  4  5 |
---------------+----------------+-----
Polearms       | 3 4 5 6 |  6.8
Fighting       | |  3.0
Armour         | |  1.7
Dodging        | |  0.8

Action                   |  1- 3 |  4- 6 || total
-------------------------+-------+-------++-------
Melee: Spear             |   140 |   243 ||   383
Evoke: Wand              |       |     3 ||     3
  Use: Potion            |       |     3 ||     3
 Stab: Sleeping          |     1 |     1 ||     2
       Petrified         |       |     9 ||     9
       Paralysed         |       |     2 ||     2
       Confused          |       |     3 ||     3
       Invisible         |       |     2 ||     2
Armor: Leather armour    |    27 |    91 ||   118
Dodge: Dodged            |    52 |   103 ||   155

Table legend: (Time is in decaauts)
 A = Elapsed time spent in this place.
 B = Non-inter-level travel time spent in this place.
 C = Inter-level travel time spent in this place.
 D = Time resting spent in this place.
 E = Time spent auto-exploring this place.
 F = Levels seen in this place.
 G = Mean time per level.
                   A        B        C        D        E       F      G
               +--------+--------+--------+--------+--------+-----+--------+
         Total |   4523 |   4301 |    222 |     40 |   3474 |   5 |  904.6 |
       Dungeon |   3563 |   3341 |    222 |      0 |   2756 |   4 |  890.8 |
         Sewer |    960 |    960 |      0 |     40 |    718 |   1 |  960.0 |
               +--------+--------+--------+--------+--------+-----+--------+

Top non-repeatable levels by time:
     D:1: 1294 daAuts
   Sewer: 960 daAuts
     D:3: 853 daAuts
     D:2: 744 daAuts
     D:4: 670 daAuts
